 Dungeon Crawl Stone Soup version 0.28-a0-664-gc179e30c89 (webtiles) character file.

Game seed: 9501379571275596679

93 ytrimaz the Shield-Bearer (level 4, 0/40 HPs)
             Began as a Minotaur Fighter on Oct 16, 2021.
             Killed from afar by an acid dragon (25 damage)
             ... with a splash of acid
             ... on level 4 of the Dungeon.
             The game lasted 00:04:06 (2192 turns).

ytrimaz the Shield-Bearer (Minotaur Fighter)        Turns: 2192, Time: 00:04:07

Health: 0/40       AC:  8    Str: 20    XL:     4   Next: 37%
Magic:  3/3        EV:  9    Int:  5    God:
Gold:   95         SH:  5    Dex: 11    Spells: 3/3 levels left

rFire   . . .      SeeInvis .   a - +0 war axe
rCold   . . .      Faith    +   r - +0 buckler
rNeg    . . .      Spirit   .   b - +0 scale mail
rPois   .          Reflect  .   (helmet restricted)
rElec   .          Harm     .   (no cloak)
rCorr   .          Rampage  .   m - +0 pair of gloves
Will    .....                   (no boots)
Stlth   ..........              e - amulet of faith
HPRegen 0.13/turn               k - +4 ring of protection
MPRegen 0.08/turn               (no ring)

@: corroded
A: horns 2, retaliatory headbutt
a: no special abilities


You were on level 4 of the Dungeon.
You visited 1 branch of the dungeon, and saw 4 of its levels.

You collected 95 gold pieces.

Inventory:

Hand Weapons
 a - a +0 war axe (weapon)
Armour
 b - a +0 scale mail (worn)
 f - a +0 kite shield
 m - a +0 pair of gloves (worn)
 r - a +0 buckler (worn)
Jewellery
 e - an amulet of faith (around neck)
 k - a +4 ring of protection (left hand)
 u - a ring of ice
Scrolls
 c - a scroll of amnesia {unknown}
 h - 2 scrolls of identify {unknown}
 i - 2 scrolls of immolation {unknown}
 o - a scroll of silence {unknown}
 p - a scroll of fear {unknown}
 s - a scroll of teleportation {unknown}
Potions
 d - a potion of might
 j - a potion of resistance {unknown}
 l - a potion of lignification {unknown}
 n - a potion of curing {unknown}
 q - a potion of brilliance {unknown}
 t - a potion of attraction {unknown}


   Skills:
 * Level 4.0 Fighting
 + Level 4.1 Axes
 + Level 4.1 Armour
 + Level 4.6 Shields


You had 3 spell levels left.
You didn't know any spells.
Your spell library contained the following spells:

 Spells                   Type           Power      Damage    Failure   Level
 Sandblast                Erth           0%         2d4       83%         1
 Passwall                 Tmut/Erth      0%         N/A       92%         2
 Stone Arrow              Conj/Erth      0%         3d7       99%         3


Dungeon Overview and Level Annotations

Branches:
Dungeon (4/15)
 Temple: D:4-7

Altars:
Xom


Innate Abilities, Weirdness & Mutations

You have a pair of horns on your head.
You reflexively headbutt those who attack you in melee.


Message History

You pick up a book of Geomancy and begin reading...
You add the spells Sandblast, Passwall and Stone Arrow to your library.
There is an open door here.
Things that are here:
a stone; a +0 short sword Done exploring.
Done exploring.
Done exploring.
Done exploring.
There is a stone staircase leading down here.
You climb downwards.
The endoplasm quivers.
The acid dragon roars!
Found a scroll labelled YJAUSE ZAARGH and 12 gold pieces.
Found a stone staircase leading up.
There is a stone staircase leading up here.
Unknown command.
Sorry, you're not good enough to have a special ability.
You hit the acid dragon.
The acid dragon is lightly wounded.
The acid dragon bites you but does no damage.
The acid dragon claws you.
You hit the acid dragon.
The acid dragon is lightly wounded.
The acid dragon spits acid at you. The splash of acid hits you!!
Ouch! That really hurt!
* * * LOW HITPOINT WARNING * * *
The acid corrodes you! The acid dragon bites you!
* * * LOW HITPOINT WARNING * * *
The acid dragon claws you but does no damage.
You hear a shout! x2
Okay, then.
It was a potion of heal wounds.
You feel much better.
The acid dragon bites you but does no damage.
You block the acid dragon's attack. The acid dragon spits acid at you.
The splash of acid hits you!!
Ouch! That really hurt!
You die...

.....
##.#.#####
........
#......###.
..........
......#
$..####JD...#
#......@....#
#......#?......
#.#.#.. .#.....
# #.. .# #...
#.. .. .< #..
Z# # ..# .. #.
##


You could see an acid dragon (catching breath), an endoplasm and a hound
skeleton.

Vanquished Creatures
  An adder (D:2)
  3 gnolls (D:3)
  2 dart slugs (D:1)
  A ball python (D:1)
  4 bats
  5 endoplasms
  2 giant cockroaches (D:1)
  5 hobgoblins
  5 kobolds
  5 quokkas
  3 frilled lizards
  7 goblins
  4 rats
47 creatures vanquished.

Notes
Turn   | Place    | Note
-------+----------+-------------------------------------------
     0 | D:1      | ytrimaz the Minotaur Fighter began the quest for the Orb.
     0 | D:1      | Reached XP level 1. HP: 19/19 MP: 0/0
    40 | D:1      | Reached XP level 2. HP: 9/27 MP: 1/1
   375 | D:1      | Reached XP level 3. HP: 22/33 MP: 2/2
   480 | D:1      | Found a faded altar of an unknown god.
  1504 | D:3      | Reached XP level 4. HP: 22/40 MP: 3/3
  1879 | D:4      | Noticed a phantom
  1879 | D:4      | Found a shimmering altar of Xom.
  2188 | D:4      | Noticed an acid dragon
  2192 | D:4      | Killed from afar by an acid dragon

Illustrated notes

Levels and vault maps discovered:
D:1:      saegor_arrival_simple_a, layout_rooms,
          hellmonk_ecumenical_altar_heavens_door, minmay_tromino_v4_a
D:2:      layout_loops_ring
D:3:      layout_basic, hex_medium
D:4:      gammafunk_wand_slinger, layout_basic, xom_teletrap_fun,
          minmay_temple_entry_junction, uniq_natasha, uniq_edmund

Skill      XL: |  1  2  3  4 |
---------------+-------------+-----
Shields        | 4 |  4.6
Axes           | 3 4 |  4.1
Armour         | 4 |  4.1
Fighting       | 4 |  4.0

Action                   |  1- 3 |  4- 6 || total
-------------------------+-------+-------++-------
Melee: War axe           |    71 |    11 ||    82
       Headbutt          |     9 |     1 ||    10
  Use: Potion            |       |     1 ||     1
Armor: Scale mail        |    51 |     8 ||    59
Dodge: Dodged            |    41 |     5 ||    46
Block: Buckler           |     5 |     2 ||     7
       Kite shield       |    33 |     4 ||    37

Table legend: (Time is in decaauts)
 A = Elapsed time spent in this place.
 B = Non-inter-level travel time spent in this place.
 C = Inter-level travel time spent in this place.
 D = Time resting spent in this place.
 E = Time spent auto-exploring this place.
 F = Levels seen in this place.
 G = Mean time per level.
                   A        B        C        D        E       F      G
               +--------+--------+--------+--------+--------+-----+--------+
         Total |   2234 |   2150 |     84 |      0 |   1709 |   4 |  558.5 |
       Dungeon |   2234 |   2150 |     84 |      0 |   1709 |   4 |  558.5 |
               +--------+--------+--------+--------+--------+-----+--------+

Top non-repeatable levels by time:
     D:3: 760 daAuts
     D:2: 748 daAuts
     D:1: 718 daAuts
     D:4: 6 daAuts
